 Dungeon Sprint DCSS version 0.31-a0-986-g5e6e4ef867 (webtiles) character file.

Game seed: 12530697136124265104

2349 dialectric the Imperceptible (level 9, -1/46 HPs)
             Began as a Spriggan Brigand on Nov 12, 2023.
             Slain by a demonic crawler (7 damage)
             ... in the Dungeon (Sprint I: "Red Sonja").
             The game lasted 00:00:59 (126 turns).

dialectric the Imperceptible (Spriggan Brigand)      Turns: 126, Time: 00:00:59

Health: -1/46      AC:  3    Str:  7    XL:     9   Next: 20%
Magic:  10/10      EV: 22    Int: 12    God:
Gold:   363        SH:  0    Dex: 21    Spells: 8/8 levels left

rFire   . . .        a - +2 dagger
rCold   . . .        (no shield)
rNeg    . . .        b - +0 robe
rPois   .            (helmet restricted)
rElec   .            c - +0 cloak
rCorr   .            (gloves unavailable)
SInv    +            (boots unavailable)
Will    +....        (no amulet)
Stlth   ++++++++++   (no ring)
HPRegen 0.27/turn    (no ring)
MPRegen 0.12/turn

%: no teleportation
@: fragile, very quick
A: very small, no large weapons, unfitting armour, see invisible, speed 3
a: no special abilities


You were in the Dungeon.
You visited 1 branch You collected 363 gold pieces.

Inventory:

Hand Weapons
 a - a +2 dagger (weapon)
Missiles
 d - 9 poisoned darts
 e - 3 curare-tipped darts (quivered)
Armour
 b - a +0 robe (worn)
 c - a +0 cloak (worn)
Wands
 l - a wand of flame (19)
Scrolls
 k - a scroll of blinking
Potions
 f - a potion of curing
 g - a potion of heal wounds
 h - a potion of haste
 i - 2 potions of magic
 j - a potion of berserk rage


   Skills:
 + Level 4.9 Fighting
 + Level 7.3 Short Blades
 - Level 2.5 Throwing
 + Level 7.1 Dodging
 + Level 26.9 Stealth


You had 8 spell levels left.
You didn't know any spells.
Your spell library was empty.

Dungeon Overview and Level Annotations

Branches:
Dungeon (1/1)

Altars:
Cheibriados
Dithmenos
Elyvilon
Fedhas
Gozag
Hepliaklqana
Kikubaaqudgha
Makhleb
Okawaru
Qazlal
Ru
Sif Muna
Trog
Uskayaw
Vehumet
Wu Jian
Xom
Yredelemnul
Zin
The Shining One
Jiyva
Lugonu

Shops:
D (


Innate Abilities, Weirdness & Mutations

You are very small and have problems with some larger weapons.
You are too small for most types of armour.
You have supernaturally acute eyesight. (SInv)
You cover ground extremely quickly. (Speed+++)


Message History

You hit the glass eye.
You kill the glass eye!
Your Fighting skill increases to level 4!
There is an open door here.
There is an open door here.
Things that are here:
a +0 dagger; a +0 robe You open the door. 4 demonic crawlers come into view.
There is an open door here.
The helpless demonic crawler fails to defend itself.
You perforate the demonic crawler like a sieve!!!!!
You kill the demonic crawler!
Your Short Blades skill increases to level 6!
Your Dodging skill increases to level 7!
Your Stealth skill gained 2 levels and is now at level 25!
Unknown command.
The helpless demonic crawler fails to defend itself.
You spit the demonic crawler like a pig!!!!!
You kill the demonic crawler!
Your Short Blades skill increases to level 7!
Your Stealth skill increases to level 26!
You have reached level 9!
Your experience leads to an increase in your attributes!
Increase (S)trength, (I)ntelligence, or (D)exterity?
You feel agile. x2
Unknown command.
The demonic crawler gives a hideous shriek! x2
The demonic crawler misses you. The demonic crawler hits you!
The demonic crawler barely misses you. The demonic crawler hits you.
The demonic crawler misses you. x2
You barely miss the demonic crawler. The demonic crawler hits you!
The demonic crawler barely misses you. The demonic crawler hits you!
* * * LOW HITPOINT WARNING * * *
Unknown command.
Unknown command.
There is an open door here.
The demonic crawler attacks as it pursues you!
The demonic crawler closely misses you. The demonic crawler hits you.
You die...

###################
..#.)'..#__#..'..)#
.)'..#..'..'..#...##+#
#+#####'#__####)@s's.#
#...#.#### #####..+ #
#..##[# #+## __##'#_.+
..†'..._# __##_.#+# _
##+#


You could see 2 demonic crawlers.

Vanquished Creatures
  2 demonic crawlers (D)
  2 kobold demonologists (D)
  A glass eye (D)
  A slime creature (D)
  Sigmund (D)
  A yak (D)
  An ogre (D)
  A jelly (D)
  Ijyb (D)
11 creatures vanquished.

Notes
Turn   | Place    | Note
-------+----------+-------------------------------------------
     0 | D        | dialectric the Spriggan Brigand began the quest for the
                  | Orb.
     0 | D        | Reached XP level 1. HP: 10/10 MP: 2/2
     2 | D        | Noticed Ijyb
     4 | D        | Killed Ijyb
     5 | D        | Reached skill level 9 in Stealth
     5 | D        | Reached XP level 2. HP: 15/15 MP: 3/3
     7 | D        | Noticed an ogre
    10 | D        | Killed an ogre
    11 | D        | Reached skill level 13 in Stealth
    11 | D        | Reached XP level 3. HP: 19/19 MP: 4/4
    11 | D        | Reached XP level 4. HP: 23/23 MP: 5/5
    13 | D        | Noticed Sigmund
    15 | D        | Killed Sigmund
    16 | D        | Reached skill level 17 in Stealth
    16 | D        | Reached XP level 5. HP: 28/28 MP: 6/6
    27 | D        | Found a shimmering blue altar of Sif Muna.
    28 | D        | Found an ornate altar of the Wu Jian Council.
    29 | D        | Found a radiant altar of Vehumet.
    34 | D        | Reached XP level 6. HP: 32/32 MP: 7/7
    47 | D        | Found Qaredghu's Weapon Emporium.
    47 | D        | Found an ancient bone altar of Kikubaaqudgha.
    47 | D        | Found a hazy altar of Hepliaklqana.
    47 | D        | Found a hide-covered altar of Uskayaw.
    47 | D        | Found a basalt altar of Yredelemnul.
    47 | D        | Found an opulent altar of Gozag.
    47 | D        | Found a snail-covered altar of Cheibriados.
    47 | D        | Found a sacrificial altar of Ru.
    47 | D        | Found a shadowy altar of Dithmenos.
    47 | D        | Noticed a yak
    48 | D        | Found a stormy altar of Qazlal.
    48 | D        | Found a blossoming altar of Fedhas.
    48 | D        | Found a bloodstained altar of Trog.
    48 | D        | Found an iron altar of Okawaru.
    48 | D        | Found a glowing golden altar of the Shining One.
    48 | D        | Found a glowing silver altar of Zin.
    48 | D        | Found a white marble altar of Elyvilon.
    49 | D        | Killed a yak
    50 | D        | Reached skill level 5 in Dodging
    50 | D        | Reached skill level 19 in Stealth
    59 | D        | Found a burning altar of Makhleb.
    59 | D        | Found a shimmering altar of Xom.
    59 | D        | Noticed a slime creature
    60 | D        | Found a viscous altar of Jiyva.
    60 | D        | Found a corrupted altar of Lugonu.
    62 | D        | Killed a slime creature
    63 | D        | Reached skill level 5 in Short Blades
    63 | D        | Reached skill level 20 in Stealth
    63 | D        | Reached XP level 7. HP: 36/36 MP: 8/8
    75 | D        | Noticed a kobold demonologist
    76 | D        | Noticed a glass eye
    76 | D        | Noticed a kobold demonologist
    78 | D        | Killed a kobold demonologist
    79 | D        | Reached skill level 22 in Stealth
    80 | D        | Killed a kobold demonologist
    81 | D        | Reached skill level 23 in Stealth
    81 | D        | Reached XP level 8. HP: 42/42 MP: 9/9
   104 | D        | Killed a glass eye
   118 | D        | Noticed a demonic crawler
   118 | D        | Noticed a demonic crawler
   118 | D        | Noticed a demonic crawler
   118 | D        | Noticed a demonic crawler
   120 | D        | Killed a demonic crawler
   121 | D        | Reached skill level 25 in Stealth
   121 | D        | Killed a demonic crawler
   122 | D        | Reached skill level 26 in Stealth
   122 | D        | Reached XP level 9. HP: 46/46 MP: 10/10
   126 | D        | Slain by a demonic crawler

Illustrated notes

Levels and vault maps discovered:
D:        dungeon_sprint_1 [red_sonja_temple_1, red_sonja_temple_small_1]

Skill      XL: |  1  2  3  4  5  6  7  8 |
---------------+-------------------------+-----
Fighting       | 2 3 4 |  4.9
Stealth        | 9 13 17 20 23 26 | 26.9
Short Blades   | 3 4 5 7 |  7.3
Dodging        | 2 3 6 7 |  7.1
Throwing       | |  2.5

Action                     |  1- 3 |  4- 6 |  7- 9 || total
---------------------------+-------+-------+-------++-------
  Melee: Dagger            |     2 |     4 |    29 ||    35
   Stab: Sleeping          |     2 |     4 |     4 ||    10
 Armour: Robe              |       |       |     5 ||     5
  Dodge: Dodged            |       |       |     6 ||     6

Table legend: (Time is in decaauts)
 A = Elapsed time spent in this place.
 B = Non-inter-level travel time spent in this place.
 C = Inter-level travel time spent in this place.
 D = Time resting spent in this place.
 E = Time spent auto-exploring this place.
 F = Levels seen in this place.
 G = Mean time per level.
                   A        B        C        D        E       F      G
               +--------+--------+--------+--------+--------+-----+--------+
         Total |     90 |     90 |      0 |      0 |      0 |   1 |   90.0 |
       Dungeon |     90 |     90 |      0 |      0 |      0 |   1 |   90.0 |
               +--------+--------+--------+--------+--------+-----+--------+

Top non-repeatable levels by time:
       D: 90 daAuts
